AoeStats
← Belgistanis

Arena

506658896Analyzed
1v1 RM · 16d ago on Sep 14, 2026· 30m 21s· 2 players
Game mode
Random Map
Map size
Tiny (2 player)
Population
200
Speed
Normal
Resources
Standard
Victory
Conquest
Starting age
Dark Age
Ending age
Imperial Age
RankedLock teamsTeams togetherTeam positionsShared explorationLock speedFull tech treeHidden civsTurbo modeCheats
Victory
Defeat
🇪🇸 Italians · Spain
1148
+15
🇦🇹 Hindustanis · Austria
1135
-15
Belgistanis
10:09 Feudal Age
14:57 Castle Age
13:00 Double-Bit Axe
13:17 Horse Collar
14:00 Gold Mining
16:32 Wheelbarrow
15:46 Loom
16:28 Bow Saw
18:09 Heavy Plow
19:52 Hand Cart
21:24 Stone Mining
24:20 Gold Shaft Mining
23:59 Town Watch
25:20 Stone Shaft Mining
29:58 Imperial Age
28:16 Masonry
28:20 Fletching
29:02 Bodkin Arrow
31:48 Chemistry
oak_team1
10:42 Feudal Age
12:32 Double-Bit Axe
14:47 Castle Age
17:19 Town Watch
20:05 Loom
21:16 Fletching
21:39 Gold Mining
22:37 Fervor
22:38 Bodkin Arrow
27:09 Imperial Age
25:54 Scale Mail Armor
25:56 Squires
26:50 Ballistics
28:14 Bracer
29:24 Chemistry
29:37 Conscription
Connection lost

Rejoining the realm…

Still unreachable

The connection could not be restored.

Session expired

The server has moved on; the page needs a fresh start.